 Dungeon Crawl Stone Soup version 0.28.0 (webtiles) character file.

Game seed: 6609545921334075197

1978 MilesTheDWarrior the Magician (level 9, -4/65 HPs)
             Began as a Gnoll Earth Elementalist on Feb 17, 2022.
             Slain by a gnoll sergeant (14 damage)
             ... on level 7 of the Dungeon.
             The game lasted 00:37:25 (7827 turns).

MilesTheDWarrior the Magician (GnEE)                Turns: 7827, Time: 00:37:25

Health: -4/65      AC:  6    Str:  9    XL:     9   Next: 20%
Magic:  16/27      EV: 15    Int: 20    God:
Gold:   385        SH:  0    Dex: 16    Spells: 4/21 levels left

rFire   . . .      SeeInvis .   e - +11 long sword "Eviscerator" {venom, Int+3 Dex+3}
rCold   . . .      Faith    .   k - orb {*channel}
rNeg    . . .      Spirit   .   b - +1 robe
rPois   +          Reflect  .   A - +0 helmet
rElec   .          Harm     .   (no cloak)
rCorr   .          Rampage  .   p - +0 pair of gloves
Will    .....                   o - +0 pair of boots
Stlth   +++.......              (no amulet)
HPRegen 0.20/turn               l - ring of magical power
MPRegen 0.20/turn               z - ring of poison resistance

@: very slightly contaminated
A: fangs 1, strong nose, distributed training
a: no special abilities


You were on level 7 of the Dungeon.
You visited 2 branches of the dungeon, and saw 9 of its levels.

You collected 385 gold pieces.

Inventory:

Hand Weapons
 e - the +11 long sword "Eviscerator" (weapon) {venom, Int+3 Dex+3}
   (You found it on level 7 of the Dungeon)

   It poisons the flesh of those it strikes.
   Int:       It affects your intelligence (+3).
   Dex:       It affects your dexterity (+3).
 i - a +1 dagger
 x - a +0 arbalest
 y - a +4 hunting sling
Missiles
 a - 13 bolts
 d - 88 arrows
 f - 177 stones
Armour
 b - a +1 robe (worn)
 k - an orb of energy (worn)
 o - a +0 pair of boots (worn)
 p - a +0 pair of gloves (worn)
 r - a +0 buckler
 A - a +0 helmet (worn)
Jewellery
 g - a ring of ice
 j - an amulet of faith
 l - a ring of magical power (left hand)
 z - a ring of poison resistance (right hand)
Wands
 c - a wand of iceblast (16)
 B - a wand of paralysis (2)
 C - a wand of charming (4)
Scrolls
 m - a scroll of enchant weapon
 n - a scroll of teleportation
 t - a scroll of vulnerability
 w - 3 scrolls of identify
 E - a scroll of holy word {unknown}
 G - a scroll of magic mapping {unknown}
Potions
 h - a potion of berserk rage {unknown}
 q - 2 potions of curing
 s - a potion of heal wounds {unknown}
 u - a potion of mutation {unknown}
 v - a potion of brilliance {unknown}
 D - a potion of lignification {unknown}
 F - 3 potions of invisibility


   Skills:
 + Level 4.0 Fighting
 + Level 4.0 Short Blades
 + Level 4.0 Long Blades
 + Level 4.0 Axes
 + Level 4.0 Maces & Flails
 + Level 4.0 Polearms
 + Level 4.0 Staves
 + Level 4.0 Slings
 + Level 4.0 Bows
 + Level 4.0 Crossbows
 + Level 4.0 Throwing
 + Level 4.0 Armour
 + Level 6.1 Dodging
 + Level 5.9 Stealth
 + Level 4.0 Shields
 + Level 4.0 Unarmed Combat
 + Level 6.5 Spellcasting
 + Level 3.3 Conjurations
 + Level 3.3 Hexes
 + Level 3.3 Summonings
 + Level 3.3 Necromancy
 + Level 3.3 Translocations
 + Level 4.0 Transmutations
 + Level 3.3 Fire Magic
 + Level 3.3 Ice Magic
 + Level 3.3 Air Magic
 + Level 6.4 Earth Magic
 + Level 3.3 Poison Magic
 + Level 4.4 Invocations
 + Level 4.0 Evocations


You had 4 spell levels left.
You knew the following spells:

 Your Spells              Type           Power      Damage    Failure   Level
a - Sandblast             Erth           64%        2d14      1%          1
b - Flame Wave            Conj/Fire      19%        2d6       26%         4
c - Petrify               Tmut/Erth      27%        N/A       12%         4
f - Stone Arrow           Conj/Erth      52%        3d10      4%          3
p - Passwall              Tmut/Erth      22%        N/A       1%          2
r - Ozocubu's Armour      Ice            19%        N/A       8%          3

Your spell library contained the following spells:

 Spells                   Type           Power      Damage    Failure   Level
 Apportation              Tloc           38%        N/A       2%          1
 Corpse Rot               Necr/Air       38%        N/A       3%          2
 Poisonous Vapours        Pois/Air       38%        N/A       3%          2
 Scorch                   Fire           38%        2d7       3%          2
 Static Discharge         Conj/Air       19%        N/A       3%          2
 Ice Form                 Ice/Tmut       21%        N/A       22%         4
 Hailstorm                Conj/Ice       19%        3d6       26%         4
 Sticky Flame             Conj/Fire      19%        2d4       26%         4
 Alistair's Intoxication  Tmut/Pois      14%        N/A       52%         5
 Metabolic Englaciation   Hex/Ice        9%         N/A       56%         5
 Simulacrum               Ice/Necr       9%         N/A       98%         6
 Summon Cactus Giant      Summ           9%         N/A       98%         6
 Ozocubu's Refrigeration  Ice            9%         4d6       100%        7
 Lehudib's Crystal Spear  Conj/Erth      13%        10d4      100%        8


Dungeon Overview and Level Annotations

Branches:
Dungeon (8/15)             Temple (1/1) D:6
   Lair: D:8-11

Altars:
Ashenzari
Dithmenos
Elyvilon
Gozag
Hepliaklqana
Kikubaaqudgha
Makhleb
Okawaru
Qazlal
Ru
Sif Muna
Trog
Uskayaw
Vehumet
Wu Jian
Xom
Yredelemnul
Zin
The Shining One

Annotations:
D:8 Erica


Innate Abilities, Weirdness & Mutations

You have very sharp teeth.
Your uncanny sense of smell can sniff out nearby items.
Your experience applies equally to all skills.


Message History

Casting: Stone Arrow (dangerous; 4% risk of failure)
Confirm with . or Enter, or press ? or * to list all spells.
Aiming: Petrify (dangerous; 12% risk of failure)
Press: ? - help, Shift-Dir - straight line, f - gnoll sergeant
Aim: a gnoll sergeant, wielding a +3 spear of venom and wearing a +0 scale mail (lightly wounded, chance to affect: 58%)
You miscast Petrify.
You are very lightly contaminated with residual magic.
Nothing appears to happen.
You feel sick.
The gnoll sergeant hits you with a +3 spear of venom!
You are more poisoned.
The gnoll hits you but does no damage.
The gnoll hits you from afar with a +0 spear.
Casting: Petrify (dangerous; 12% risk of failure)
Confirm with . or Enter, or press ? or * to list all spells.
Aiming: Petrify (dangerous; 12% risk of failure)
Press: ? - help, Shift-Dir - straight line, f/p - gnoll sergeant
Aim: a gnoll sergeant, wielding a +3 spear of venom and wearing a +0 scale mail (lightly wounded, chance to affect: 58%)
You miscast Petrify.
Nothing appears to happen.
* * * LOW HITPOINT WARNING * * *
You feel very sick.
The gnoll sergeant hits you with a +3 spear of venom.
* * * LOW HITPOINT WARNING * * *
The gnoll barely misses you. The gnoll misses you.
You feel better.
The gnoll sergeant hits you with a +3 spear of venom.
The gnoll hits you from afar with a +0 spear.
* * * LOW HITPOINT WARNING * * *
The gnoll hits you from afar with a +0 spear.
* * * LOW HITPOINT WARNING * * *
Casting: Petrify (dangerous; 12% risk of failure)
Confirm with . or Enter, or press ? or * to list all spells.
Aiming: Petrify (dangerous; 12% risk of failure)
Press: ? - help, Shift-Dir - straight line, f/p - gnoll sergeant
Aim: a gnoll sergeant, wielding a +3 spear of venom and wearing a +0 scale mail (lightly wounded, chance to affect: 58%)
The gnoll sergeant is moving more slowly.
The gnoll sergeant misses you. The gnoll closely misses you.
The gnoll hits you from afar with a +0 spear.
* * * LOW HITPOINT WARNING * * *
The gnoll sergeant hits you from afar with a +3 spear of venom!
You die...

######### ###
#.......###.##
#.#####.##...####
##.#####..........
#.......###...####
###..####.# ##.##
#.......#.# #.#
#.#..##.#.# #.# #
#@....#.# #+#
#.##..#.# ∆ #g#
?.#.#


#gg ...# ∆ .g.. .##. # ..... ) . + ##......# # #..#.#. #.##.#.# You could see a
gnoll sergeant (petrifying) and 3 gnolls.

Vanquished Creatures
  Grinder (D:3)
  An acid dragon (D:8)
  A black bear (D:6)
  An ice beast (D:7)
  2 ogres
  4 scorpions
  A wyvern zombie (D:7)
  A bullfrog (D:7)
  A water moccasin skeleton (D:3)
  2 howler monkeys (D:8)
  2 bullfrog zombies
  3 centaur zombies
  A hound (D:6)
  2 gnoll shamans
  4 jellies
  A centaur skeleton (D:5)
  Ijyb (D:4)
  2 iguanas
  Natasha (twice) (D:3)
  2 scorpion zombies (D:4)
  A hound zombie (D:4)
  11 gnolls
  A howler monkey skeleton (D:6)
  4 adders
  An adder zombie (D:4)
  An adder skeleton (D:4)
  2 worms (D:2)
  4 dart slugs
  2 orcs (D:8)
  8 ball pythons
  4 bats
  6 endoplasms
  5 giant cockroaches
  13 goblins
  8 hobgoblins
  8 jackals
  3 quokkas
  A ball python skeleton (D:2)
  9 frilled lizards
  9 kobolds
  4 rats
140 creatures vanquished.

Vanquished Creatures (others)
  A goblin (D:4)
1 creature vanquished.

Grand Total: 141 creatures vanquished

Notes
Turn   | Place    | Note
-------+----------+-------------------------------------------
     0 | D:1      | MilesTheDWarrior the Gnoll Earth Elementalist began the
                  | quest for the Orb.
     0 | D:1      | Reached XP level 1. HP: 13/13 MP: 6/6
   280 | D:1      | Found a faded altar of an unknown god.
   326 | D:1      | Reached XP level 2. HP: 19/19 MP: 4/7
   648 | D:1      | Reached XP level 3. HP: 25/25 MP: 7/9
   834 | D:1      | Reached skill level 5 in Spellcasting
   932 | D:1      | Learned a level 2 spell: Passwall
   936 | D:1      | Learned a level 3 spell: Stone Arrow
  1139 | D:1      | Found a shimmering blue altar of Sif Muna.
  1220 | D:2      | Reached skill level 1 in Invocations
  1323 | D:2      | Reached skill level 1 in Fighting
  1323 | D:2      | Reached skill level 1 in Short Blades
  1323 | D:2      | Reached skill level 1 in Long Blades
  1323 | D:2      | Reached skill level 1 in Axes
  1323 | D:2      | Reached skill level 1 in Maces & Flails
  1323 | D:2      | Reached skill level 1 in Polearms
  1323 | D:2      | Reached skill level 1 in Staves
  1323 | D:2      | Reached skill level 1 in Slings
  1323 | D:2      | Reached skill level 1 in Bows
  1323 | D:2      | Reached skill level 1 in Crossbows
  1323 | D:2      | Reached skill level 1 in Throwing
  1323 | D:2      | Reached skill level 1 in Armour
  1323 | D:2      | Reached skill level 1 in Shields
  1323 | D:2      | Reached skill level 1 in Unarmed Combat
  1323 | D:2      | Reached skill level 1 in Evocations
  1827 | D:2      | Reached XP level 4. HP: 32/32 MP: 7/11
  2225 | D:2      | Learned a level 4 spell: Petrify
  2371 | D:3      | Noticed Grinder
  2383 | D:3      | Killed Grinder
  2384 | D:3      | Reached skill level 1 in Conjurations
  2384 | D:3      | Reached skill level 1 in Hexes
  2384 | D:3      | Reached skill level 1 in Summonings
  2384 | D:3      | Reached skill level 1 in Necromancy
  2384 | D:3      | Reached skill level 1 in Translocations
  2384 | D:3      | Reached skill level 1 in Fire Magic
  2384 | D:3      | Reached skill level 1 in Ice Magic
  2384 | D:3      | Reached skill level 1 in Air Magic
  2384 | D:3      | Reached skill level 1 in Poison Magic
  2384 | D:3      | Reached XP level 5. HP: 31/38 MP: 1/12
  2384 | D:3      | Reached XP level 6. HP: 36/44 MP: 1/14
  2565 | D:3      | Noticed Natasha
  2571 | D:3      | Killed Natasha
  2697 | D:3      | Reached skill level 5 in Dodging
  3047 | D:3      | Noticed Natasha
  3054 | D:3      | Killed Natasha
  3214 | D:3      | Identified a scroll of acquirement
  3214 | D:3      | Acquired Buvanan's Tome of Icy Battle Magic
  3223 | D:3      | Learned a level 4 spell: Flame Wave
  3281 | D:4      | Reached XP level 7. HP: 50/50 MP: 8/15
  3677 | D:4      | Found a hide-covered altar of Uskayaw.
  4528 | D:4      | Noticed Ijyb
  4537 | D:4      | Killed Ijyb
  4800 | D:4      | Learned a level 3 spell: Ozocubu's Armour
  4867 | D:5      | Entered Level 5 of the Dungeon
  4894 | D:5      | Reached skill level 5 in Stealth
  5345 | D:5      | Reached XP level 8. HP: 57/57 MP: 15/16
  5430 | D:5      | Found a white marble altar of Elyvilon.
  5485 | D:5      | You fall into a shaft and drop 3 floors!
  5554 | D:8      | Noticed Erica
  5556 | D:8      | Noticed a five-headed hydra
  6417 | D:6      | Found a staircase to the Ecumenical Temple.
  6426 | Temple   | Entered the Ecumenical Temple
  6834 | D:6      | Reached XP level 9. HP: 65/65 MP: 18/18
  7420 | D:7      | Found an iron altar of Okawaru.
  7583 | D:7      | Identified the +11 long sword "Eviscerator" {venom, Int+3
                  | Dex+3}
  7827 | D:7      | Slain by a gnoll sergeant

Illustrated notes

Levels and vault maps discovered:
D:1:      sevenhm_arrival_forest_fort_small_6, layout_basic,
          basic_ecumenical_altar
D:2:      layout_rooms, minmay_nonomino_d4
D:3:      layout_basic, minmay_shallow_snake_nest, uniq_natasha, uniq_grinder
D:4:      kennysheep_goblin_castle, layout_loops_ring,
          mainiacjoe_overflow_alcove_1, serial_undead, serial_undead_b,
          serial_undead_a, serial_undead_b, serial_undead_b
D:5:      layout_basic, mainiacjoe_overflow_paths
D:6:      layout_basic, minmay_temple_entry_glassed_door
D:7:      layout_loops_corners, mainiacjoe_overflow_six_doors_small
D:8:      layout_loops_ring, cheibriados_altar_1, uniq_erica, uniq_grum
Temple:   nicolae_temple_x_marks_the_god

Skill      XL: |  1  2  3  4  5  6  7  8  9 |
---------------+----------------------------+-----
Transmutations | 2 3 4 |  4.0
Spellcasting   | 5 6 |  6.5
Invocations    | 1 2 3 4 |  4.4
Fighting       | 1 2 3 4 |  4.0
Short Blades   | 1 2 3 4 |  4.0
Long Blades    | 1 2 3 4 |  4.0
Axes           | 1 2 3 4 |  4.0
Maces & Flails | 1 2 3 4 |  4.0
Polearms       | 1 2 3 4 |  4.0
Staves         | 1 2 3 4 |  4.0
Slings         | 1 2 3 4 |  4.0
Bows           | 1 2 3 4 |  4.0
Crossbows      | 1 2 3 4 |  4.0
Throwing       | 1 2 3 4 |  4.0
Armour         | 1 2 3 4 |  4.0
Shields        | 1 2 3 4 |  4.0
Unarmed Combat | 1 2 3 4 |  4.0
Evocations     | 1 2 3 4 |  4.0
Conjurations   | 1 2 3 |  3.3
Hexes          | 1 2 3 |  3.3
Summonings     | 1 2 3 |  3.3
Necromancy     | 1 2 3 |  3.3
Translocations | 1 2 3 |  3.3
Fire Magic     | 1 2 3 |  3.3
Ice Magic      | 1 2 3 |  3.3
Air Magic      | 1 2 3 |  3.3
Poison Magic   | 1 2 3 |  3.3
Dodging        | 5 6 |  6.1
Stealth        | 5 |  5.9
Earth Magic    | 6 |  6.4

Action                   |  1- 3 |  4- 6 |  7- 9 || total
-------------------------+-------+-------+-------++-------
Melee: Unarmed           |     3 |       |       ||     3
       Dagger            |    49 |    20 |    34 ||   103
       Bite              |     4 |     1 |     3 ||     8
       Punch             |     2 |     1 |       ||     3
       Long sword        |       |       |     6 ||     6
 Fire: Hunting sling     |       |       |    25 ||    25
 Cast: Sandblast         |    33 |    32 |    11 ||    76
       Stone Arrow       |    10 |    11 |    80 ||   101
       Petrify           |       |     3 |     5 ||     8
       Ozocubu's Armour  |       |       |     1 ||     1
       Flame Wave        |       |       |     2 ||     2
Evoke: Wand              |       |       |     2 ||     2
  Use: Scroll            |     4 |     1 |     7 ||    12
       Potion            |       |       |     1 ||     1
 Stab: Sleeping          |     2 |     2 |     6 ||    10
       Petrified         |       |     4 |     3 ||     7
       Distracted        |       |     1 |     1 ||     2
Armor: Robe              |    15 |     2 |    17 ||    34
Dodge: Dodged            |    59 |    39 |    41 ||   139
